 Dungeon Crawl Stone Soup version 0.21-a0-513-gdcb3f5e (webtiles) character file.

118 DogShitOnMyToe the Insei (level 5, -5/44 HPs)
             Began as a Naga Transmuter on Dec 1, 2017.
             Slain by deifeln's ghost (7 damage)
             ... on level 3 of the Dungeon.
             The game lasted 00:07:53 (2217 turns).

DogShitOnMyToe the Insei (Naga Transmuter)          Turns: 2217, Time: 00:07:53

Health: -5/44      AC:  3    Str: 12    XL:     5   Next: 2%
Magic:  8/8        EV: 15    Int: 14    God:
Gold:   71         SH:  0    Dex: 17    Spells: 2/8 levels left

rFire    . . .     SeeInvis +     - Unarmed
rCold    . . .     Gourm    .   (no shield)
rNeg     . . .     Faith    .   b - +1 robe
rPois    +         Spirit   .   (no helmet)
rElec    .         Reflect  .   (no cloak)
rCorr    .         Harm     .   (no gloves)
MR       .....                  (no barding)
Stlth    +++.......             (no amulet)
HPRegen  0.14/turn              (no ring)
MPRegen  0.11/turn              (no ring)

@: agile, appendage (expiring), very slow
A: large, horns 2, see invisible, deformed body, poison resistance, slowness 2,
slow metabolism 1, spit poison 1, AC +1
a: Spit Poison, End Transformation


You were on level 3 of the Dungeon.
You were not hungry.
You had grown temporary horns.
You visited 1 branch of the dungeon, and saw 3 of its levels.

You collected 71 gold pieces.

Inventory:

Missiles
 a - 23 arrows
Armour
 b - a +1 robe (worn)
Scrolls
 e - a scroll of remove curse
Books
 c - a book of Changes

   Spells                             Type                      Level
   a - Beastly Appendage              Transmutation                1
   b - Sticks to Snakes               Transmutation                2
   c - Spider Form                    Transmutation/Poison         3
   d - Ice Form                       Ice/Transmutation            4
   e - Blade Hands                    Transmutation                5
Comestibles
 d - 5 bread rations
 f - 5 chunks of flesh
 g - 3 fruits


   Skills:
 - Level 1.0 Fighting
 - Level 1.5 Dodging
 + Level 5.5 Unarmed Combat
 - Level 2.0 Spellcasting
 - Level 2.0 Transmutations


You had 2 spell levels left.
You knew the following spells:

 Your Spells              Type           Power        Failure   Level  Hunger
a - Beastly Appendage     Tmut           #.....       11%         1    ##.....
b - Sticks to Snakes      Tmut           #.......     16%         2    ###....
c - Spider Form           Tmut/Pois      #.........   43%         3    ####...


Dungeon Overview and Level Annotations

Branches:
Dungeon (3/15)

Altars:

Annotations:
D:3 deifeln's ghost, amateur GnWn


Innate Abilities, Weirdness & Mutations

You cannot wear boots.
Your serpentine skin is tough. (AC +1)
You have supernaturally acute eyesight. (SInv)
Armour fits poorly on your strangely shaped body.
Your system is resistant to poisons. (rPois)
You cover ground very slowly.
You have a slow metabolism.
You can spit poison.
You have a pair of horns on your head.


Message History

Deifeln's ghost is moderately damaged.
Deifeln's ghost barely misses you.
You closely miss deifeln's ghost. You headbutt deifeln's ghost!
Deifeln's ghost is heavily damaged.
Deifeln's ghost completely misses you.
You hit deifeln's ghost.
Deifeln's ghost is heavily damaged.
You hit deifeln's ghost.
Deifeln's ghost is severely damaged.
Deifeln's ghost hits you.
* * * LOW HITPOINT WARNING * * *
You hit deifeln's ghost but do no damage.
Your headbutt misses deifeln's ghost.
Deifeln's ghost is severely damaged.
Deifeln's ghost hits you.
* * * LOW HITPOINT WARNING * * *
You hit deifeln's ghost but do no damage.
Deifeln's ghost is severely damaged.
Deifeln's ghost hits you!
You die...

.#########
......)..#
.#######.#h#
#.....#.#K#
#.###.#)#.#
#.#<#.#@#.#
#.#.#.#W#.#
#.#...#r#.#
#.#####)#.#.####
#......)(.......
#######.#.#.####
...#.# #####'#
..


You could see deifeln's ghost and a rat.

Vanquished Creatures
  3 adders (D:2)
  4 gnolls
  2 worms
  2 dart slugs
  An orc (D:2)
  A ball python (D:2)
  6 bats
  A giant cockroach (D:2)
  7 hobgoblins
  6 jackals
  5 kobolds
  4 goblins
  3 rats
45 creatures vanquished.

Notes
Turn   | Place    | Note
-------+----------+-------------------------------------------
     0 | D:1      | DogShitOnMyToe the Naga Transmuter began the quest for the Orb.
     0 | D:1      | Reached XP level 1. HP: 18/18 MP: 3/3
   172 | D:1      | Reached XP level 2. HP: 25/25 MP: 3/5
   418 | D:1      | Reached skill level 4 in Unarmed Combat
   431 | D:1      | Reached XP level 3. HP: 24/31 MP: 6/6
   789 | D:2      | Learned a level 2 spell: Sticks to Snakes
   793 | D:2      | Learned a level 3 spell: Spider Form
   831 | D:2      | HP: 15/31 [gnoll/spear (6)]
   832 | D:2      | HP: 7/31 [gnoll/spear (8)]
  1160 | D:2      | HP: 14/31 [adder (2)]
  1164 | D:2      | Reached XP level 4. HP: 12/38 MP: 7/7
  1493 | D:2      | Reached skill level 5 in Unarmed Combat
  1510 | D:2      | HP: 19/38 [kobold (1)]
  1515 | D:2      | HP: 18/38 [jackal (1)]
  2164 | D:3      | HP: 19/38 [jackal (1)]
  2170 | D:3      | HP: 14/38 [poisoned by a kobold]
  2175 | D:3      | HP: 9/38 [jackal (3)]
  2176 | D:3      | Reached XP level 5. HP: 10/44 MP: 8/8
  2182 | D:3      | HP: 9/44 [poisoned by a kobold]
  2203 | D:3      | Noticed deifeln's ghost (amateur GnWn)
  2203 | D:3      | deifeln's ghost turns its malevolent gaze towards you.
  2209 | D:3      | HP: 10/44 [deifeln's ghost (2)]
  2215 | D:3      | HP: 4/44 [deifeln's ghost (6)]
  2217 | D:3      | Slain by deifeln's ghost

Vault maps used:
D:1:      mainiacjoe_arrival_reflecting_pool
D:2:      first_bread
D:3:      kennysheep_ying_yang, grunt_temple_overflow_open, minmay_surrounded

Skill      XL: |  1  2  3  4 |
---------------+-------------+-----
Unarmed Combat | 4 5 |  5.5
Fighting       | |  1.0
Dodging        | |  1.5
Spellcasting   | |  2.0
Transmutations | |  2.0

Action                   |  1- 3 |  4- 6 || total
-------------------------+-------+-------++-------
Melee: Unarmed           |    71 |    74 ||   145
       Headbutt          |    11 |    10 ||    21
       Punch             |     1 |     2 ||     3
 Cast: Beastly Appendage |    13 |    11 ||    24
       Sticks to Snakes  |     1 |       ||     1
 Abil: Spit Poison       |     6 |     2 ||     8
  Use: Potion            |     3 |     1 ||     4
       Scroll            |       |     2 ||     2
  Eat: Chunk             |     1 |     3 ||     4
Armor: Robe              |    10 |    19 ||    29
Dodge: Dodged            |    44 |    45 ||    89

Table legend:
 A = Spawn XP
 B = Non-spawn XP
 C = Spawn XP percentage of total XP
 D = Spawn monster count
 E = Non-spawn monster count
 F = Spawn count percentage of total count
 G = Total turns spent on level
                    A         B        C        D         E        F      G
               +---------+---------+-------+---------+---------+-------+---------
         Total |       0 |     169 |   0.0 |       0 |      45 |   0.0 |  2217
               +---------+---------+-------+---------+---------+-------+---------
           D:1 |       0 |      35 |   0.0 |       0 |      12 |   0.0 |   778
           D:2 |       0 |     104 |   0.0 |       0 |      25 |   0.0 |  1258
           D:3 |       0 |      30 |   0.0 |       0 |       8 |   0.0 |   181
               +---------+---------+-------+---------+---------+-------+---------
